Map: Nightscape LE

Players

StoneMan

  • Race: Protoss Protoss
  • Spawn Location: 7:00

CluEleSs

  • Race: Zerg Zerg
  • League: Diamond
  • Spawn Location: 7:00

qqq - Winner!

  • Race: Zerg Zerg
  • Spawn Location: 1:00

Massa - Winner!

  • Race: Terran Terran
  • League: Platinum
  • Spawn Location: 1:00

VOD

Have the link to the VOD?

Description

Time

  • Played on: Feb. 13, 2021, 7:15 a.m.
  • Length: 8:43
Show
View Real Time Build Order
Export as new Build Order

StoneMan Protoss 

Build Orders:  

Get SALT Encoding   

  12  0:01  Probe  
  13  0:13  Probe  
  14  0:19  Pylon  
  14  0:25  Probe  
  15  0:39  Probe  
  16  0:51  Pylon  
  16  0:56  Probe  
  17  0:59  Assimilator  
  17  1:13  Gateway  
  17  1:14  Gateway  
  18  1:18  Probe  
  18  1:30  Probe  
  19  1:45  Probe  
  20  2:03  Zealot x2 (Chrono Boost), Cybernetics Core  
  22  2:37  Zealot (Chrono Boost)  
  22  2:42  Warp Gate  
  26  2:46  Zealot (Chrono Boost)  
  26  3:22  Zealot, Stalker  
  26  3:28  Pylon  
  26  3:31  Pylon  
  23  4:07  Gateway  
  23  4:09  Gateway  
  19  4:12  Gateway  
  19  4:14  Gateway  
  19  4:26  Gateway  
  19  5:02  Zealot  
  19  5:04  Zealot  
  22  5:09  Zealot x2  
  23  5:46  Stalker  
  23  5:47  Stalker x2  
  21  6:12  Stalker x2  
  25  6:23  Probe  
  25  6:24  Assimilator  
  26  6:35  Probe  
  27  6:51  Probe (Chrono Boost)  
  29  7:02  Probe (Chrono Boost)  
  29  7:07  Stalker  
  31  7:17  Pylon  
  31  7:19  Pylon  
  31  7:35  Probe  
  32  7:37  Stalker  
  32  7:38  Stalker  
  32  7:43  Stalker  
  38  7:47  Probe  
  39  7:53  Stalker  
  41  7:59  Probe  
Show
View Real Time Build Order
Export as new Build Order

CluEleSs Zerg 

Build Orders: Pool First 

Get SALT Encoding   

  12  0:17  Spawning Pool  
  11  0:21  Drone  
  12  0:30  Drone  
  12  0:34  Overlord  
  14  1:04  Zergling x6  
  16  1:12  Queen  
  16  1:16  Overlord  
  18  1:30  Zergling x2  
  19  1:42  Zergling x2  
  20  1:48  Zergling x2  
  21  2:14  Spine Crawler  
  20  2:16  Spine Crawler  
  17  2:26  Zergling x2  
  18  2:47  Zergling x2  
  10  3:25  Zergling x4  
  12  3:32  Zergling x2  
  11  3:42  Zergling x2  
  11  3:57  Drone  
  12  4:06  Drone  
  13  4:20  Drone  
  14  4:34  Drone x2  
  16  4:39  Drone  
  16  4:53  Zergling x6  
  16  4:56  Zergling x2  
  16  4:58  Spine Crawler  
  16  5:03  Zergling x4  
  16  5:06  Zergling x2  
  19  5:15  Extractor  
  15  5:28  Zergling x2  
  15  5:29  Drone  
  16  5:36  Zergling x2  
  16  5:38  Queen  
  19  6:07  Hatchery  
  17  6:11  Drone x3  
  20  6:19  Metabolic Boost  
  20  6:23  Drone  
  21  6:37  Drone x3  
  21  6:38  Baneling Nest  
  23  6:50  Drone  
  24  6:58  Drone  
  24  6:59  Drone x2  
  24  7:00  Drone  
  28  7:20  Drone x3  
  31  7:27  Baneling x5  
  31  7:39  Zergling x8  
  31  7:40  Zergling x2  
  36  7:52  Overlord  
  36  7:53  Overlord  
  36  8:04  Overlord  
  32  8:16  Drone, Zergling x4  
  32  8:17  Zergling x2  
  33  8:25  Zergling x4  
Show
View Real Time Build Order
Export as new Build Order

qqq Zerg - Winner!

Build Orders: Hatch First 

Get SALT Encoding   

  12  0:01  Drone  
  13  0:08  Drone  
  14  0:18  Overlord  
  14  0:48  Hatchery  
  13  0:54  Drone x2  
  13  0:55  Drone  
  16  1:14  Spawning Pool  
  16  1:15  Extractor  
  14  1:29  Extractor  
  14  1:32  Drone x2  
  15  1:33  Drone  
  17  2:02  Zergling x4  
  17  2:03  Zergling x2  
  17  2:05  Queen  
  17  2:06  Zergling x2  
  23  2:12  Zergling x2  
  24  2:17  Zergling x2  
  25  2:31  Zergling x2  
  25  2:36  Zergling x4  
  24  2:44  Metabolic Boost  
  24  2:47  Zergling x2  
  24  2:48  Zergling x2  
  24  2:53  Zergling x2  
  24  2:58  Zergling x2  
  24  2:59  Zergling x2  
  24  3:15  Hatchery  
  22  3:24  Overlord  
  21  3:42  Zergling x4  
  21  3:43  Zergling x2  
  24  3:50  Zergling x2  
  25  4:00  Zergling x2  
  24  4:08  Drone  
  24  4:09  Drone x3  
  27  4:22  Zergling x2  
  28  4:30  Drone  
  29  4:38  Hatchery, Zergling x2  
  29  4:48  Drone, Zergling x4  
  32  5:06  Zergling x8  
  31  5:16  Zergling x2  
  31  5:17  Zergling x4  
  33  5:23  Zergling x4  
  34  5:36  Zergling x2  
  34  5:39  Overlord x2  
  34  5:40  Overlord  
  35  5:49  Queen  
  35  5:52  Drone  
  37  5:58  Zergling x4  
  33  6:08  Zergling x4  
  33  6:10  Drone  
  36  6:15  Drone  
  36  6:16  Zergling x2  
  36  6:17  Zergling x2  
  37  6:34  Zergling x4  
  37  6:35  Zergling x6  
  37  6:36  Drone  
  37  6:37  Drone  
  44  6:46  Lair  
  44  6:48  Drone  
  44  6:51  Drone  
  46  6:54  Drone  
  46  6:56  Drone  
  46  6:59  Drone  
  49  7:02  Extractor  
  48  7:15  Drone x3  
  51  7:18  Zergling x4, Overlord  
  51  7:19  Zergling x2  
  54  7:28  Drone x2  
  54  7:29  Drone x2  
  58  7:38  Drone  
  59  7:46  Spire  
  59  7:48  Spore Crawler  
  59  7:50  Drone x3  
  60  7:52  Overseer  
  60  7:56  Pneumatized Carapace  
  58  8:26  Zergling x6  
  62  8:28  Drone x2  
Show
View Real Time Build Order
Export as new Build Order

Massa Terran - Winner!

Build Orders:  

Get SALT Encoding   

  12  0:00  SCV  
  13  0:12  SCV  
  14  0:22  Supply Depot  
  14  0:25  Refinery  
  14  0:27  SCV  
  15  0:43  SCV  
  15  0:45  Barracks  
  16  0:55  SCV  
  17  1:08  SCV  
  18  1:20  SCV  
  19  1:28  Barracks  
  19  1:32  SCV  
  20  1:34  Bunker  
  20  1:37  Supply Depot  
  21  1:40  Reaper  
  21  2:03  Barracks  
  21  2:12  Marine  
  21  2:16  Marine  
  22  2:30  Marine  
  22  2:34  Orbital Command, Marine  
  23  2:48  Marine  
  23  2:51  Marine  
  25  3:05  SCV  
  26  3:09  Marine  
  27  3:20  Marine  
  27  3:21  Marine  
  27  3:26  Marine  
  30  3:39  Marine  
  31  3:53  Marine  
  31  4:04  Barracks Tech Lab  
  31  4:29  Command Center  
  31  4:30  Supply Depot  
  31  4:31  Supply Depot x2  
  31  4:36  Stimpack  
  31  4:47  Factory  
  31  4:52  Marauder, Marine x2  
  34  5:09  Marine x2  
  31  5:32  Marauder, Marine x2  
  32  5:35  Hellion  
  32  5:37  SCV  
  33  5:49  SCV  
  34  5:50  Marine x2  
  34  5:54  Marauder  
  40  5:57  Hellion  
  39  6:08  Marine x2  
  37  6:15  Marauder  
  37  6:18  Orbital Command, Hellion  
  41  6:31  Engineering Bay  
  41  6:34  Starport, Command Center  
  41  6:38  Barracks Reactor  
  41  6:44  Factory Tech Lab  
  41  6:47  SCV x2  
  43  6:59  SCV x2  
  43  7:01  Missile Turret  
  45  7:03  Missile Turret  
  45  7:05  Marauder  
  45  7:08  Combat Shield  
  47  7:11  SCV x2  
  49  7:21  Cyclone  
  52  7:23  SCV x2, Marine  
  52  7:25  Marine  
  52  7:26  Marauder, Marine  
  59  7:41  Marine  
  59  7:43  Marine  
  59  7:44  Marine  
  61  7:47  Orbital Command, Marauder  
  61  7:49  SCV x2  
  66  7:53  Siege Tank  
  69  8:01  SCV  
  69  8:05  SCV  
  71  8:09  Marauder  
  73  8:13  SCV  
  73  8:17  SCV  
  71  8:25  SCV  
Tags
 
Add a new tag
Caveats
  • Supply blocks, unpowered buildings, or Contaminate may cause inaccurate times.
  • Supply counts are checked every 10 seconds.